 Dungeon Crawl Stone Soup version 0.30-a0-161-gdd60e06945 (webtiles) character file.

Game seed: 9254752024323426721

63504 qw the Peltast (level 15, -10/94 HPs)
             Began as a Gargoyle Fighter on Sept 27, 2022.
             Was a High Priest of Okawaru.
             Killed from afar by a fire dragon (29 damage)
             ... with a blast of flame
             ... on level 12 of the Dungeon.
             The game lasted 00:08:23 (18384 turns).

qw the Peltast (Gargoyle Fighter)                  Turns: 18384, Time: 00:08:23

Health: -10/94     AC: 42    Str: 32    XL:     15   Next: 9%
Magic:  20/20      EV: 15    Int: 10    God:    Okawaru [*****.]
Gold:   351        SH: 35    Dex: 10    Spells: 14/14 levels left

rFire   . . .      SeeInvis .    Y - +2 broad axe
rCold   + + .      Faith    .    u - +10 tower shield "Duggaso" {Drain rC+ Will++}
rNeg    + . .      Spirit   .    t - +4 chain mail of Disaster {rC+ Slay+2}
rPois   inf        Reflect  +    h - +2 helmet
rElec   +          Harm     .    k - +2 cloak
rCorr   .          Rampage  .    a - +2 pair of gloves {Dex+3}
Will    +++..      Clarity  +    c - +2 pair of boots {Fly}
Stlth   ..........               g - amulet of reflection
HPRegen 0.25/turn                b - +4 ring of evasion
MPRegen 0.17/turn                s - +6 ring of strength

@: about to teleport, heroic, flying
A: sickness immunity, AC +11, big wings, negative energy resistance 1,
electricity resistance, torment resistance 1, petrification resistance, clarity,
clumsy 1, low MP 1
a: Renounce Religion, Heroism, Finesse, Duel


You were on level 12 of the Dungeon.
You worshipped Okawaru.
Okawaru was extremely pleased with you.
You visited 3 branches of the dungeon, and saw 18 of its levels.

You collected 1452 gold pieces.
You spent 1101 gold pieces at shops.


Innate Abilities, Weirdness & Mutations

You are immune to sickness and miasma.
Your stone body is resilient. (AC +11)
You are immune to poison.
Your large and strong wings let you fly.
You resist negative energy. (rN+)
You are resistant to electric shocks. (rElec)
You are resistant to unholy torment.
You are immune to petrification.
You possess an exceptional clarity of mind.
You are clumsy. (Dex -2)
Your magical capacity is low. (-10% MP)


   Skills:
 - Level 11.0(16.0) Fighting
 + Level 14.5(19.5) Axes
 - Level 1.1(6.1) Throwing
 - Level 9.0(14.0) Armour
 - Level 3.1(8.1) Dodging
 - Level 16.0(21.0) Shields
 - Level 10.0 Invocations


You had 14 spell levels left.
You didn't know any spells.
Your spell library was empty.

Inventory:

Hand Weapons
 w - a +0 morningstar
 Y - a +2 broad axe (weapon)
Armour
 a - a +2 pair of gloves of dexterity (worn)
 c - a +2 pair of boots of flying (worn)
 e - the +0 cloak of Okawaru's Benevolence {rN+ Regen+}
   (Okawaru gifted it to you on level 12 of the Dungeon)

   rN:        It protects you from negative energy.
   Regen:     It increases your rate of health regeneration.
 h - a +2 helmet (worn)
 k - a +2 cloak (worn)
 t - the +4 chain mail of Disaster (worn) {rC+ Slay+2}
   (You found it on level 3 of the Dungeon)

   Slay:      It affects your accuracy & damage with ranged weapons and melee
   (+2).
   rC:        It protects you from cold.
 u - the +10 tower shield "Duggaso" (worn) {Drain rC+ Will++}
   (You bought it in a shop on level 10 of the Dungeon)

   rC:        It protects you from cold.
   Drain:     It drains your maximum health when unequipped.
   Will:      It greatly increases your willpower.
Jewellery
 b - a +4 ring of evasion (left hand)
 f - a ring of resist corrosion
 g - an amulet of reflection (around neck)
 s - a +6 ring of strength (right hand)
 x - a ring of resist corrosion
Scrolls
 j - 6 scrolls of teleportation
 m - 7 scrolls of identify
 y - 2 scrolls of enchant armour
Potions
 d - 4 potions of might
 i - 7 potions of attraction
 n - 8 potions of heal wounds
 o - 4 potions of lignification
 p - 3 potions of mutation
 q - 9 potions of curing
 r - 6 potions of haste
 v - a potion of resistance

Dungeon Overview and Level Annotations

Branches:
Dungeon (12/15)            Temple (1/1) D:4            Lair (5/5) D:10
 Shoals (0/4) Lair:3       Spider (0/4) Lair:3        Slime (0/5) Lair:4
    Orc (0/2) D:12

Altars:
Ashenzari
Cheibriados
Dithmenos
Elyvilon
Fedhas
Gozag
Hepliaklqana
Kikubaaqudgha
Makhleb
Nemelex Xobeh
Okawaru
Qazlal
Ru
Sif Muna
Trog
Uskayaw
Vehumet
Wu Jian
Xom
Yredelemnul
Zin
The Shining One
Lugonu

Shops:
D:2 :   D:5 *   D:10 [   D:11 !

Portals:
Abyss: Lair:5

Annotations:
Lair:1 1 runed translucent door
Lair:2 1 runed translucent door, qw's ghost, journeyman GrFi


Message History

The fire dragon is moderately wounded.
You hit the fire dragon but do no damage.
The fire dragon is moderately wounded.
The fire dragon breathes flames at you. The blast of flame hits you!
You barely miss the fire dragon.
The fire dragon is moderately wounded.
You block the fire dragon's attack. x2; The fire dragon tramples you.
You are shoved backwards!
You slash the fire dragon!
The fire dragon is heavily wounded.
The fire dragon misses you. You block the fire dragon's attack.
The fire dragon tramples you but does no damage.
You barely miss the fire dragon.
The fire dragon is heavily wounded.
You block the fire dragon's attack. x3
You closely miss the fire dragon.
The fire dragon is moderately wounded.
You slice the fire dragon!!
The fire dragon is severely wounded.
You block the fire dragon's attack. x2; The fire dragon tramples you.
You are shoved backwards!
You slash the fire dragon!
The fire dragon is almost dead.
You block the fire dragon's attack.
The fire dragon claws you but does no damage.
You block the fire dragon's attack.
You closely miss the fire dragon.
The fire dragon is almost dead.
You slash the frost giant! You block the frost giant's attack.
The fire dragon breathes flames at you. The blast of flame hits you!!
18384 ||| READING 7 scrolls of teleportation.
As you read the scroll of teleportation, it crumbles to dust.
You feel strangely unstable. You block the frost giant's attack.
The fire dragon breathes flames at you. The blast of flame hits you!!
You die...

..#
######..#...'...'...#....#
..# ####...#...#...#....#
..# ##'##########....# ..#
#...#(.[# #....# ..#
#...#...# #....# ..#
#...#[.[# #....# ###
##'###'## #....#
#.9.#...#.. ######
#@Dc'...'.. #.C.#...#..
#########


You could see a frost giant, a fire dragon (catching breath), a yaktaur and a
gargoyle.

Vanquished Creatures
  A fire dragon (D:12)
  A great orb of eyes (D:12)
  3 hydras
  Erolcha (D:10)
  A centaur warrior (D:11)
  5 two-headed ogres
  5 boulder beetles
  A death knight (D:11)
  3 death yaks (Lair:4)
  2 tengu warriors
  3 thrashing horrors (Lair:5)
  3 deep elf pyromancers
  7 ugly things
  4 cyclopes
  3 elephants (Lair:4)
  A torpor snail (Lair:5)
  7 black mambas
  A smoke demon (Lair:5)
  7 cane toads
  A gargoyle (D:10)
  2 rime drakes
  A kobold demonologist (D:11)
  2 unseen horrors (D:11)
  A freezing wraith (D:12)
  14 komodo dragons
  A tengu conjurer (D:12)
  A yaktaur (shapeshifter) (D:11)
  3 ancient zymes (Lair:5)
  3 polar bears
  A hornet (shapeshifter) (Lair:5)
  A hornet (Lair:3)
  37 blink frogs
  7 dream sheep (Lair:5)
  A spriggan (Lair:5)
  2 shadows
  A ynoxinul (Lair:5)
  52 yaks
  7 wyverns
  A wraith (D:12)
  6 basilisks
  3 chaos spawn (Lair:5)
  2 large abominations (Lair:5)
  4 vampire mosquitoes (D:12)
  22 water moccasins
  An acid dragon (D:12)
  2 black bears
  2 orc warriors
  Duvessa (D:6)
  A sky beast (D:5)
  2 ice beasts (D:7)
  An ogre (D:4)
  22 wolves
  3 centaurs
  4 kobold brigands
  A phantom (D:4)
  7 bullfrogs
  A gnoll sergeant (D:9)
  A necrophage (D:6)
  10 scorpions
  4 wights (D:7)
  Dowan (D:6)
  21 killer bees
  4 howler monkeys
  14 small abominations (Lair:5)
  3 hounds
  A jelly (D:7)
  A gnoll bouda (D:5)
  Terence (D:2)
  8 iguanas
  4 orc wizards
  5 hell rats (Lair:5)
  9 gnolls
  5 adders
  A shadow imp (D:5)
  2 white imps
  An ufetubus (D:4)
  4 worms
  A dart slug (D:2)
  19 orcs
  4 bats
  4 endoplasms
  2 giant cockroaches
  15 goblins
  8 hobgoblins
  6 jackals
  40 kobolds
  A quokka (D:5)
  8 ball pythons
  7 frilled lizards
  9 rats
507 creatures vanquished.

Vanquished Creatures (others)
  21 fungi
  68 plants
89 creatures vanquished.

Grand Total: 596 creatures vanquished

Notes
Turn   | Place    | Note
-------+----------+-------------------------------------------
     0 | D:1      | qw the Gargoyle Fighter began the quest for the Orb.
     0 | D:1      | Reached XP level 1. HP: 14/14 MP: 1/1
     0 | D:1      | 0 ||| qw: Version: 0.2-a-10-g37ed214
     0 | D:1      | 0 ||| qw: Game counter: 681
     0 | D:1      | 0 ||| qw: Always use a shield: true
     0 | D:1      | 0 ||| qw: God list: Okawaru
     0 | D:1      | 0 ||| qw: Allow faded altars: false
     0 | D:1      | 0 ||| qw: Do Orc after D:15 true
     0 | D:1      | 0 ||| qw: Do second Lair branch before Depths: true
     0 | D:1      | 0 ||| qw: Lair rune preference: random
     0 | D:1      | 0 ||| qw: Plans: Normal, Zot:1-4, God:TSO, Crypt, Tomb,
                  | Pan, Slime:5, Hells, Abyss, Orb
     0 | D:1      | 0 ||| PLANNING D:1-11
   212 | D:1      | Reached XP level 2. HP: 19/19 MP: 2/2
   314 | D:1      | 314 ||| Stepping ~*~*~tactically~*~*~ (stealth).
   315 | D:1      | 315 ||| Stepping ~*~*~tactically~*~*~ (stealth).
   321 | D:1      | 321 ||| Stepping ~*~*~tactically~*~*~ (stealth).
   323 | D:1      | 323 ||| Stepping ~*~*~tactically~*~*~ (stealth).
   324 | D:1      | 324 ||| Stepping ~*~*~tactically~*~*~ (stealth).
   329 | D:1      | 329 ||| Stepping ~*~*~tactically~*~*~ (stealth).
   330 | D:1      | 330 ||| Stepping ~*~*~tactically~*~*~ (stealth).
   331 | D:1      | 331 ||| Stepping ~*~*~tactically~*~*~ (stealth).
   332 | D:1      | 332 ||| Stepping ~*~*~tactically~*~*~ (stealth).
   623 | D:1      | Reached skill level 3 in Axes
   623 | D:1      | Reached XP level 3. HP: 8/23 MP: 3/3
   834 | D:1      | 834 ||| Stepping ~*~*~tactically~*~*~ (stealth).
   835 | D:1      | 835 ||| Stepping ~*~*~tactically~*~*~ (stealth).
   989 | D:1      | Found a faded altar of an unknown god.
  1023 | D:1      | 1023 ||| UPGRADING to +6 ring of dexterity.
  1024 | D:1      | 1024 ||| READING scroll labelled FUYLITEDAC.
  1025 | D:1      | 1025 ||| READING scroll labelled IQOUPL UWETU.
  1026 | D:1      | 1026 ||| READING 2 scrolls labelled BEEXZE SAZ FOR.
  1031 | D:1      | 1031 ||| READING scroll labelled HAIXOT OFYG.
  1032 | D:1      | 1032 ||| READING scroll labelled HISOKH UWKOUM.
  1033 | D:1      | 1033 ||| READING scroll labelled GIGGOMP MO QIS.
  1034 | D:1      | 1034 ||| DRINKING 2 metallic white potions.
  1034 | D:1      | Gained mutation: Your magical capacity is low. (-10% MP)
                  | [potion of mutation]
  1034 | D:1      | Gained mutation: You are clumsy. (Dex -2) [potion of
                  | mutation]
  1034 | D:1      | Gained mutation: You possess an exceptional clarity of
                  | mind. [potion of mutation]
  1249 | D:2      | Identified the +1 robe of Dust Devil {Str+3 Stlth+}
  1263 | D:2      | Noticed Terence
  1277 | D:2      | Killed Terence
  1278 | D:2      | Reached XP level 4. HP: 13/28 MP: 3/3
  1438 | D:2      | 1438 ||| DROPPING +0 whip.
  1705 | D:2      | Found Yfocrocw's Book Emporium.
  2083 | D:2      | 2083 ||| READING scroll labelled POZIOHYCKI.
  2084 | D:2      | 2084 ||| READING scroll labelled QUHIMOR ALEW.
  2085 | D:2      | 2085 ||| READING scroll labelled XAHYOR LAIMPI.
  2104 | D:3      | 2104 ||| STAIRDANCE
  2108 | D:2      | Reached skill level 1 in Dodging
  2131 | D:3      | 2131 ||| STAIRDANCE
  2266 | D:3      | 2266 ||| Stepping ~*~*~tactically~*~*~ (stealth).
  2392 | D:3      | Identified the +6 dagger of the Zealous God {elec, Dex+4}
  2493 | D:3      | Reached XP level 5. HP: 31/32 MP: 4/4
  2532 | D:3      | 2532 ||| Stepping ~*~*~tactically~*~*~ (stealth).
  2563 | D:3      | Identified the +4 chain mail of Disaster {rC+ Slay+2}
  2567 | D:3      | Found a bloodstained altar of Trog.
  2568 | D:3      | Found a shimmering altar of Xom.
  2716 | D:3      | Found a glowing silver altar of Zin.
  2988 | D:3      | 2988 ||| UPGRADING to +2 pair of gloves.
  2993 | D:3      | 2993 ||| UPGRADING to +0 cloak.
  2998 | D:3      | 2998 ||| UPGRADING to +4 chain mail of Disaster {rC+
                  | Slay+2}.
  3008 | D:3      | 3008 ||| DROPPING +0 scale mail.
  3009 | D:3      | 3009 ||| READING 2 scrolls of enchant armour.
  3009 | D:3      | 3009 ||| ENCHANTING +0 cloak.
  3010 | D:3      | 3010 ||| READING scroll of enchant armour.
  3010 | D:3      | 3010 ||| ENCHANTING +1 cloak.
  3011 | D:3      | 3011 ||| UPGRADING to +6 ring of strength.
  3012 | D:3      | 3012 ||| DRINKING 2 bubbling orange potions.
  3038 | D:4      | Noticed a black bear
  3053 | D:4      | Killed a black bear
  3175 | D:4      | Noticed a phantom
  3186 | D:4      | Killed a phantom
  3187 | D:4      | Reached XP level 6. HP: 34/38 MP: 5/5
  3237 | D:4      | 3237 ||| Stepping ~*~*~tactically~*~*~ (stealth).
  3239 | D:4      | 3239 ||| Stepping ~*~*~tactically~*~*~ (stealth).
  3241 | D:4      | 3241 ||| Stepping ~*~*~tactically~*~*~ (stealth).
  3297 | D:4      | 3297 ||| Stepping ~*~*~tactically~*~*~ (stealth).
  3299 | D:4      | 3299 ||| Stepping ~*~*~tactically~*~*~ (stealth).
  3306 | D:4      | 3306 ||| Stepping ~*~*~tactically~*~*~ (hiding).
  3542 | D:4      | Reached skill level 6 in Axes
  3547 | D:4      | 3547 ||| FLEEEEING.
  3548 | D:4      | 3548 ||| FLEEEEING.
  3549 | D:4      | 3549 ||| FLEEEEING.
  3550 | D:4      | 3550 ||| FLEEEEING.
  3551 | D:4      | 3551 ||| FLEEEEING.
  3552 | D:4      | 3552 ||| FLEEEEING.
  3554 | D:4      | 3554 ||| FLEEEEING.
  3556 | D:4      | 3556 ||| FLEEEEING.
  3557 | D:4      | 3557 ||| FLEEEEING.
  3558 | D:4      | 3558 ||| FLEEEEING.
  3559 | D:4      | 3559 ||| FLEEEEING.
  3560 | D:4      | 3560 ||| FLEEEEING.
  3561 | D:4      | 3561 ||| FLEEEEING.
  3562 | D:4      | 3562 ||| FLEEEEING.
  3563 | D:4      | 3563 ||| FLEEEEING.
  3564 | D:4      | 3564 ||| FLEEEEING.
  3565 | D:4      | 3565 ||| FLEEEEING.
  3566 | D:4      | 3566 ||| FLEEEEING.
  3567 | D:4      | 3567 ||| FLEEEEING.
  3568 | D:4      | 3568 ||| FLEEEEING.
  3569 | D:4      | 3569 ||| FLEEEEING.
  3570 | D:4      | 3570 ||| FLEEEEING.
  3571 | D:4      | 3571 ||| FLEEEEING.
  3572 | D:4      | 3572 ||| FLEEEEING.
  3573 | D:4      | 3573 ||| FLEEEEING.
  3574 | D:4      | 3574 ||| FLEEEEING.
  3575 | D:4      | 3575 ||| FLEEEEING.
  3576 | D:4      | 3576 ||| FLEEEEING.
  3577 | D:4      | 3577 ||| FLEEEEING.
  3578 | D:4      | 3578 ||| FLEEEEING.
  3580 | D:4      | 3580 ||| FLEEEEING.
  3581 | D:4      | 3581 ||| FLEEEEING.
  3587 | D:4      | Reached XP level 7. HP: 40/43 MP: 6/6
  3845 | D:4      | Found a staircase to the Ecumenical Temple.
  3846 | D:4      | 3846 ||| PLANNING TEMPLE
  3846 | D:4      | 3846 ||| UPGRADING to amulet of reflection.
  3851 | D:4      | 3851 ||| READING scroll labelled BIFYTU RAINTE.
  3852 | D:4      | 3852 ||| DRINKING 2 fuming white potions.
  3853 | D:4      | 3853 ||| READING 3 scrolls of identify.
  3853 | D:4      | 3853 ||| IDENTIFYING amethyst potion
  3854 | D:4      | 3854 ||| READING 2 scrolls of identify.
  3854 | D:4      | 3854 ||| IDENTIFYING pink potion
  3855 | D:4      | 3855 ||| DROPPING potion of degeneration.
  3856 | D:4      | 3856 ||| DROPPING potion of flight.
  3857 | D:4      | 3857 ||| DROPPING potion of invisibility.
  3866 | Temple   | Entered the Ecumenical Temple
  3872 | Temple   | 3872 ||| PLANNING OKAWARU WORSHIP
  3986 | Temple   | Became a worshipper of Warmaster Okawaru
  3987 | Temple   | 3987 ||| PLANNING D:1-11
  4223 | D:4      | 4223 ||| Stepping ~*~*~tactically~*~*~ (stealth).
  4325 | D:4      | 4325 ||| READING scroll labelled CUTATO TIULULE.
  4362 | D:5      | Entered Level 5 of the Dungeon
  4388 | D:5      | 4388 ||| Stepping ~*~*~tactically~*~*~ (stealth).
  4481 | D:5      | Found Ynemniga's Overcharged Wands.
  4722 | D:5      | 4722 ||| Stepping ~*~*~tactically~*~*~ (hiding).
  4724 | D:5      | 4724 ||| Stepping ~*~*~tactically~*~*~ (hiding).
  4804 | D:5      | Reached XP level 8. HP: 49/49 MP: 7/7
  4923 | D:5      | 4923 ||| Stepping ~*~*~tactically~*~*~ (stealth).
  4939 | D:5      | 4939 ||| Stepping ~*~*~tactically~*~*~ (stealth).
  4945 | D:5      | 4945 ||| Stepping ~*~*~tactically~*~*~ (stealth).
  4952 | D:5      | Reached * piety under Okawaru
  4953 | D:5      | 4953 ||| INVOKING Heroism.
  5143 | D:5      | 5143 ||| READING scroll labelled OFEIFU WUORU.
  5244 | D:5      | 5244 ||| DRINKING 3 puce potions.
  5245 | D:5      | 5245 ||| READING 3 scrolls of identify.
  5245 | D:5      | 5245 ||| IDENTIFYING golden potion
  5246 | D:5      | 5246 ||| READING 2 scrolls of identify.
  5246 | D:5      | 5246 ||| IDENTIFYING fuming blue potion
  5296 | D:6      | 5296 ||| Stepping ~*~*~tactically~*~*~ (stealth).
  5305 | D:6      | Reached skill level 1 in Invocations
  5307 | D:6      | Noticed Dowan
  5308 | D:6      | 5308 ||| INVOKING Heroism.
  5308 | D:6      | Noticed Duvessa
  5309 | D:6      | 5309 ||| INVOKING Heroism.
  5314 | D:6      | Killed Dowan
  5319 | D:6      | Killed Duvessa
  5365 | D:6      | Identified the +7 rapier of Ychet {vorpal, rElec}
  5387 | D:6      | Reached skill level 3 in Invocations
  5831 | D:6      | 5831 ||| UPGRADING to +4 ring of evasion.
  5833 | D:6      | 5833 ||| DROPPING +6 ring of dexterity.
  5834 | D:6      | 5834 ||| READING scroll labelled ZEYMUEQORY.
  5844 | D:7      | 5844 ||| Stepping ~*~*~tactically~*~*~ (hiding).
  5846 | D:7      | 5846 ||| INVOKING Heroism.
  5936 | D:7      | 5936 ||| INVOKING Heroism.
  5992 | D:7      | 5992 ||| INVOKING Heroism.
  5998 | D:7      | Reached skill level 6 in Fighting
  5999 | D:7      | Reached XP level 9. HP: 51/55 MP: 7/10
  6007 | D:7      | Reached ** piety under Okawaru
  6149 | D:7      | 6149 ||| Stepping ~*~*~tactically~*~*~ (hiding).
  6156 | D:7      | Reached skill level 9 in Axes
  6465 | D:7      | Found a glowing golden altar of the Shining One.
  6466 | D:7      | Found a shimmering blue altar of Sif Muna.
  6466 | D:7      | Found a blossoming altar of Fedhas.
  6470 | D:7      | Found a burning altar of Makhleb.
  6471 | D:7      | Found an opulent altar of Gozag.
  6566 | D:7      | 6566 ||| SWAPPING to +0 broad axe.
  6567 | D:7      | 6567 ||| DROPPING +0 war axe of venom.
  6740 | D:8      | Noticed a boulder beetle
  6741 | D:8      | 6741 ||| INVOKING Heroism.
  6755 | D:8      | Killed a boulder beetle
  6756 | D:8      | Reached skill level 6 in Shields
  6864 | D:8      | 6864 ||| Stepping ~*~*~tactically~*~*~ (stealth).
  6996 | D:8      | 6996 ||| Stepping ~*~*~tactically~*~*~ (stealth).
  6998 | D:8      | 6998 ||| Stepping ~*~*~tactically~*~*~ (stealth).
  7001 | D:8      | 7001 ||| Stepping ~*~*~tactically~*~*~ (stealth).
  7003 | D:8      | 7003 ||| Stepping ~*~*~tactically~*~*~ (stealth).
  7005 | D:8      | 7005 ||| INVOKING Heroism.
  7011 | D:8      | Reached *** piety under Okawaru
  7035 | D:8      | Found a broken altar of Ashenzari.
  7038 | D:8      | 7038 ||| Stepping ~*~*~tactically~*~*~ (stealth).
  7040 | D:8      | 7040 ||| Stepping ~*~*~tactically~*~*~ (stealth).
  7063 | D:8      | Reached XP level 10. HP: 56/63 MP: 11/11
  7063 | D:8      | 7063 ||| Stepping ~*~*~tactically~*~*~ (stealth).
  7313 | D:8      | 7313 ||| UPGRADING to +0 helmet.
  7318 | D:8      | 7318 ||| READING scroll of enchant armour.
  7318 | D:8      | 7318 ||| ENCHANTING +0 helmet.
  7403 | D:9      | 7403 ||| Stepping ~*~*~tactically~*~*~ (hiding).
  7406 | D:9      | 7406 ||| Stepping ~*~*~tactically~*~*~ (hiding).
  7408 | D:9      | 7408 ||| INVOKING Heroism.
  7917 | D:9      | 7917 ||| INVOKING Heroism.
  7920 | D:9      | Noticed a two-headed ogre
  7925 | D:9      | 7925 ||| FLEEEEING.
  7927 | D:9      | 7927 ||| FLEEEEING.
  7928 | D:9      | 7928 ||| FLEEEEING.
  7929 | D:9      | 7929 ||| FLEEEEING.
  7930 | D:9      | 7930 ||| FLEEEEING.
  7931 | D:9      | 7931 ||| FLEEEEING.
  7932 | D:9      | 7932 ||| FLEEEEING.
  7933 | D:9      | 7933 ||| FLEEEEING.
  7934 | D:9      | 7934 ||| FLEEEEING.
  7935 | D:9      | 7935 ||| FLEEEEING.
  7936 | D:9      | 7936 ||| FLEEEEING.
  7938 | D:9      | 7938 ||| FLEEEEING.
  7939 | D:9      | 7939 ||| FLEEEEING.
  7940 | D:9      | 7940 ||| FLEEEEING.
  7941 | D:9      | 7941 ||| FLEEEEING.
  7942 | D:9      | 7942 ||| FLEEEEING.
  7943 | D:9      | 7943 ||| FLEEEEING.
  7944 | D:9      | 7944 ||| FLEEEEING.
  7945 | D:9      | 7945 ||| FLEEEEING.
  7946 | D:9      | 7946 ||| FLEEEEING.
  7947 | D:9      | 7947 ||| FLEEEEING.
  7948 | D:9      | 7948 ||| FLEEEEING.
  7949 | D:9      | 7949 ||| FLEEEEING.
  7950 | D:9      | 7950 ||| FLEEEEING.
  7951 | D:9      | 7951 ||| FLEEEEING.
  7952 | D:9      | 7952 ||| FLEEEEING.
  7953 | D:9      | 7953 ||| FLEEEEING.
  7954 | D:9      | 7954 ||| FLEEEEING.
  7955 | D:9      | 7955 ||| FLEEEEING.
  7956 | D:9      | 7956 ||| FLEEEEING.
  7957 | D:9      | 7957 ||| FLEEEEING.
  7958 | D:9      | 7958 ||| FLEEEEING.
  7959 | D:9      | 7959 ||| FLEEEEING.
  7960 | D:9      | 7960 ||| FLEEEEING.
  7961 | D:9      | 7961 ||| FLEEEEING.
  7962 | D:9      | 7962 ||| FLEEEEING.
  7963 | D:9      | 7963 ||| FLEEEEING.
  7964 | D:9      | 7964 ||| FLEEEEING.
  7965 | D:9      | 7965 ||| FLEEEEING.
  7966 | D:9      | 7966 ||| FLEEEEING.
  7967 | D:9      | 7967 ||| FLEEEEING.
  7968 | D:9      | 7968 ||| FLEEEEING.
  7969 | D:9      | 7969 ||| FLEEEEING.
  7970 | D:9      | 7970 ||| FLEEEEING.
  7971 | D:9      | 7971 ||| FLEEEEING.
  7972 | D:9      | 7972 ||| FLEEEEING.
  7973 | D:9      | 7973 ||| FLEEEEING.
  7974 | D:9      | 7974 ||| FLEEEEING.
  7975 | D:9      | 7975 ||| FLEEEEING.
  7976 | D:9      | 7976 ||| FLEEEEING.
  7977 | D:9      | 7977 ||| FLEEEEING.
  7978 | D:9      | 7978 ||| FLEEEEING.
  7979 | D:9      | 7979 ||| FLEEEEING.
  7981 | D:9      | 7981 ||| FLEEEEING.
  7982 | D:9      | 7982 ||| FLEEEEING.
  7983 | D:9      | 7983 ||| FLEEEEING.
  7984 | D:9      | 7984 ||| FLEEEEING.
  7985 | D:9      | 7985 ||| FLEEEEING.
  7986 | D:9      | 7986 ||| FLEEEEING.
  7988 | D:9      | 7988 ||| FLEEEEING.
  7989 | D:9      | 7989 ||| FLEEEEING.
  7990 | D:9      | 7990 ||| FLEEEEING.
  7991 | D:9      | 7991 ||| FLEEEEING.
  7992 | D:9      | 7992 ||| FLEEEEING.
  7993 | D:9      | 7993 ||| FLEEEEING.
  7994 | D:9      | 7994 ||| FLEEEEING.
  7995 | D:9      | 7995 ||| FLEEEEING.
  7996 | D:9      | 7996 ||| FLEEEEING.
  7997 | D:9      | 7997 ||| FLEEEEING.
  7998 | D:9      | 7998 ||| FLEEEEING.
  7999 | D:9      | 7999 ||| FLEEEEING.
  8000 | D:9      | 8000 ||| FLEEEEING.
  8002 | D:9      | 8002 ||| FLEEEEING.
  8003 | D:9      | 8003 ||| FLEEEEING.
  8004 | D:9      | 8004 ||| FLEEEEING.
  8005 | D:9      | 8005 ||| FLEEEEING.
  8006 | D:9      | 8006 ||| STAIRDANCE
  8130 | D:9      | 8130 ||| INVOKING Heroism.
  8131 | D:9      | 8131 ||| STAIRDANCE
  8141 | D:8      | Killed a two-headed ogre
  8142 | D:8      | Reached skill level 6 in Armour
  8339 | D:8      | Reached **** piety under Okawaru
  8641 | D:9      | 8641 ||| Stepping ~*~*~tactically~*~*~ (stealth).
  8645 | D:9      | 8645 ||| Stepping ~*~*~tactically~*~*~ (stealth).
  8886 | D:10     | Entered Level 10 of the Dungeon
  9013 | D:10     | Found Kyass's Antique Armour Boutique.
  9018 | D:10     | 9018 ||| BUYING pair of glowing gloves (195 gold).
  9018 | D:10     | Bought a pair of glowing gloves for 195 gold pieces
  9018 | D:10     | 9018 ||| BUYING runed scarf (208 gold).
  9018 | D:10     | Bought a runed scarf for 208 gold pieces
  9018 | D:10     | 9018 ||| BUYING twisted tower shield (247 gold).
  9018 | D:10     | Bought a twisted tower shield for 247 gold pieces
  9018 | D:10     | Identified the +10 tower shield "Duggaso" {Drain rC+
                  | Will++} (You bought it in a shop on level 10 of the
                  | Dungeon)
  9045 | D:10     | 9045 ||| Stepping ~*~*~tactically~*~*~ (stealth).
  9049 | D:10     | 9049 ||| Stepping ~*~*~tactically~*~*~ (stealth).
  9064 | D:10     | 9064 ||| Stepping ~*~*~tactically~*~*~ (stealth).
  9069 | D:10     | 9069 ||| INVOKING Heroism.
  9279 | D:10     | 9279 ||| Stepping ~*~*~tactically~*~*~ (stealth).
  9338 | D:10     | 9338 ||| Stepping ~*~*~tactically~*~*~ (stealth).
  9367 | D:10     | Found a staircase to the Lair.
  9383 | D:10     | Reached skill level 1 in Throwing
  9391 | D:10     | Reached ***** piety under Okawaru
  9392 | D:10     | Reached skill level 6 in Invocations
  9431 | D:10     | Noticed a two-headed ogre
  9432 | D:10     | 9432 ||| INVOKING Heroism.
  9433 | D:10     | Noticed a gargoyle
  9441 | D:10     | Killed a gargoyle
  9443 | D:10     | Killed a two-headed ogre
  9444 | D:10     | Reached XP level 11. HP: 26/68 MP: 12/14
  9468 | D:10     | 9468 ||| FLEEEEING.
  9473 | D:10     | 9473 ||| STAIRDANCE
  9640 | D:9      | 9640 ||| UPGRADING to +2 pair of gloves of dexterity.
  9650 | D:9      | 9650 ||| DROPPING +2 pair of gloves.
  9651 | D:9      | 9651 ||| DROPPING scarf of invisibility.
  9652 | D:9      | 9652 ||| UPGRADING to +10 tower shield "Duggaso" {Drain rC+
                  | Will++}.
  9662 | D:9      | 9662 ||| DROPPING +0 buckler.
  9674 | D:10     | 9674 ||| STAIRDANCE
  9716 | D:10     | 9716 ||| Stepping ~*~*~tactically~*~*~ (stealth).
  9722 | D:10     | 9722 ||| Stepping ~*~*~tactically~*~*~ (stealth).
  9733 | D:10     | 9733 ||| Stepping ~*~*~tactically~*~*~ (stealth).
  9737 | D:10     | 9737 ||| Stepping ~*~*~tactically~*~*~ (stealth).
  9962 | D:10     | 9962 ||| INVOKING Heroism.
 10048 | D:10     | 10048 ||| INVOKING Heroism.
 10191 | D:10     | Reached skill level 7 in Shields
 10264 | D:10     | Noticed Erolcha
 10265 | D:10     | 10265 ||| Stepping ~*~*~tactically~*~*~ (hiding).
 10266 | D:10     | 10266 ||| Stepping ~*~*~tactically~*~*~ (hiding).
 10267 | D:10     | 10267 ||| Stepping ~*~*~tactically~*~*~ (hiding).
 10268 | D:10     | 10268 ||| INVOKING Heroism.
 10269 | D:10     | 10269 ||| INVOKING Finesse.
 10281 | D:10     | Killed Erolcha
 10326 | D:10     | 10326 ||| Stepping ~*~*~tactically~*~*~ (stealth).
 10327 | D:10     | 10327 ||| Stepping ~*~*~tactically~*~*~ (stealth).
 10337 | D:10     | 10337 ||| INVOKING Heroism.
 10369 | D:10     | 10369 ||| INVOKING Heroism.
 10610 | D:10     | 10610 ||| PLANNING LAIR
 10610 | D:10     | 10610 ||| DROPPING ring of flight.
 10611 | D:10     | 10611 ||| DROPPING ring of positive energy.
 10651 | Lair:1   | Entered Level 1 of the Lair of Beasts
 10652 | Lair:1   | 10652 ||| INVOKING Heroism.
 10662 | Lair:1   | Reached skill level 8 in Shields
 10666 | Lair:1   | Reached skill level 9 in Invocations
 10672 | Lair:1   | Received a gift from Okawaru
 10763 | Lair:1   | 10763 ||| INVOKING Heroism.
 10830 | Lair:1   | 10830 ||| INVOKING Heroism.
 10836 | Lair:1   | Reached skill level 9 in Shields
 10850 | Lair:1   | 10850 ||| Stepping ~*~*~tactically~*~*~ (stealth).
 10866 | Lair:1   | 10866 ||| INVOKING Heroism.
 10894 | Lair:1   | Reached XP level 12. HP: 72/73 MP: 17/17
 10907 | Lair:1   | 10907 ||| Stepping ~*~*~tactically~*~*~ (stealth).
 10914 | Lair:1   | 10914 ||| INVOKING Heroism.
 10922 | Lair:1   | Reached skill level 10 in Shields
 11005 | Lair:1   | 11005 ||| Stepping ~*~*~tactically~*~*~ (stealth).
 11011 | Lair:1   | 11011 ||| INVOKING Heroism.
 11028 | Lair:1   | Reached skill level 11 in Shields
 11073 | Lair:1   | Found a runed translucent door.
 11552 | Lair:1   | 11552 ||| UPGRADING to +2 pair of boots of flying.
 11585 | Lair:2   | 11585 ||| INVOKING Heroism.
 11617 | Lair:2   | Reached skill level 12 in Shields
 11669 | Lair:2   | 11669 ||| INVOKING Heroism.
 11841 | Lair:2   | Found a runed translucent door.
 11842 | Lair:2   | Found a shimmering altar of Xom.
 11842 | Lair:2   | Noticed qw's ghost (journeyman GrFi)
 11842 | Lair:2   | Identified the +5 long sword "Methrymn" {chaos, Fly rCorr
                  | Str+2}
 12191 | Lair:2   | 12191 ||| DROPPING +2 hat.
 12192 | Lair:2   | 12192 ||| READING scroll labelled CYAS YROUG.
 12193 | Lair:2   | 12193 ||| READING 7 scrolls of identify.
 12193 | Lair:2   | 12193 ||| IDENTIFYING dark potion
 12377 | Lair:3   | Found a hole to the Spider Nest.
 12415 | Lair:3   | Noticed a boulder beetle
 12416 | Lair:3   | 12416 ||| INVOKING Heroism.
 12417 | Lair:3   | 12417 ||| INVOKING Finesse.
 12443 | Lair:3   | Killed a boulder beetle
 12444 | Lair:3   | Reached skill level 13 in Shields
 12479 | Lair:3   | 12479 ||| Stepping ~*~*~tactically~*~*~ (stealth).
 12480 | Lair:3   | 12480 ||| Stepping ~*~*~tactically~*~*~ (stealth).
 12482 | Lair:3   | 12482 ||| Stepping ~*~*~tactically~*~*~ (stealth).
 12566 | Lair:3   | 12566 ||| INVOKING Heroism.
 12718 | Lair:3   | Found a staircase to the Shoals.
 12792 | Lair:3   | 12792 ||| Stepping ~*~*~tactically~*~*~ (stealth).
 12793 | Lair:3   | 12793 ||| Stepping ~*~*~tactically~*~*~ (stealth).
 12794 | Lair:3   | 12794 ||| INVOKING Heroism.
 12795 | Lair:3   | 12795 ||| Stepping ~*~*~tactically~*~*~ (stealth).
 12953 | Lair:3   | 12953 ||| Stepping ~*~*~tactically~*~*~ (stealth).
 12956 | Lair:3   | 12956 ||| INVOKING Heroism.
 12996 | Lair:3   | 12996 ||| INVOKING Heroism.
 13026 | Lair:3   | Received a gift from Okawaru
 13424 | Lair:4   | 13424 ||| INVOKING Heroism.
 13517 | Lair:4   | 13517 ||| Stepping ~*~*~tactically~*~*~ (stealth).
 13518 | Lair:4   | 13518 ||| Stepping ~*~*~tactically~*~*~ (stealth).
 13520 | Lair:4   | 13520 ||| INVOKING Heroism.
 13535 | Lair:4   | Reached XP level 13. HP: 76/79 MP: 18/18
 13566 | Lair:4   | Found a glowing golden altar of the Shining One.
 13569 | Lair:4   | 13569 ||| INVOKING Heroism.
 13585 | Lair:4   | 13585 ||| INVOKING Finesse.
 13586 | Lair:4   | 13586 ||| SWAPPING to +1 flail of protection.
 13597 | Lair:4   | Reached skill level 9 in Fighting
 13597 | Lair:4   | 13597 ||| SWAPPING to +0 broad axe.
 13609 | Lair:4   | 13609 ||| Stepping ~*~*~tactically~*~*~ (stealth).
 13610 | Lair:4   | 13610 ||| Stepping ~*~*~tactically~*~*~ (stealth).
 13627 | Lair:4   | 13627 ||| Stepping ~*~*~tactically~*~*~ (stealth).
 13628 | Lair:4   | 13628 ||| INVOKING Heroism.
 13645 | Lair:4   | Reached skill level 14 in Shields
 13943 | Lair:4   | 13943 ||| INVOKING Heroism.
 14002 | Lair:4   | 14002 ||| INVOKING Heroism.
 14017 | Lair:4   | 14017 ||| READING scroll of enchant armour.
 14017 | Lair:4   | 14017 ||| ENCHANTING +1 helmet.
 14051 | Lair:4   | 14051 ||| Stepping ~*~*~tactically~*~*~ (stealth).
 14345 | Lair:4   | Found a staircase to the Slime Pits.
 14418 | Lair:5   | Entered Level 5 of the Lair of Beasts
 14419 | Lair:5   | 14419 ||| STAIRDANCE
 14421 | Lair:4   | 14421 ||| INVOKING Heroism.
 14436 | Lair:5   | 14436 ||| STAIRDANCE
 14443 | Lair:4   | Received a gift from Okawaru
 14444 | Lair:4   | Reached skill level 12 in Axes
 14467 | Lair:5   | 14467 ||| STAIRDANCE
 14469 | Lair:4   | 14469 ||| INVOKING Heroism.
 14470 | Lair:4   | 14470 ||| INVOKING Finesse.
 14643 | Lair:5   | 14643 ||| STAIRDANCE
 14645 | Lair:4   | 14645 ||| INVOKING Heroism.
 14646 | Lair:4   | 14646 ||| INVOKING Finesse.
 14716 | Lair:5   | 14716 ||| Stepping ~*~*~tactically~*~*~ (stealth).
 14725 | Lair:5   | 14725 ||| Stepping ~*~*~tactically~*~*~ (stealth).
 14728 | Lair:5   | 14728 ||| INVOKING Heroism.
 14729 | Lair:5   | 14729 ||| Stepping ~*~*~tactically~*~*~ (stealth).
 14736 | Lair:5   | 14736 ||| Stepping ~*~*~tactically~*~*~ (stealth).
 14740 | Lair:5   | 14740 ||| Stepping ~*~*~tactically~*~*~ (stealth).
 14741 | Lair:5   | Received a gift from Okawaru
 14743 | Lair:5   | 14743 ||| Stepping ~*~*~tactically~*~*~ (stealth).
 14785 | Lair:5   | 14785 ||| Stepping ~*~*~tactically~*~*~ (stealth).
 14803 | Lair:5   | 14803 ||| Stepping ~*~*~tactically~*~*~ (hiding).
 14804 | Lair:5   | 14804 ||| Stepping ~*~*~tactically~*~*~ (hiding).
 14864 | Lair:5   | 14864 ||| Stepping ~*~*~tactically~*~*~ (stealth).
 14869 | Lair:5   | 14869 ||| INVOKING Heroism.
 14873 | Lair:5   | 14873 ||| Stepping ~*~*~tactically~*~*~ (stealth).
 14875 | Lair:5   | 14875 ||| Stepping ~*~*~tactically~*~*~ (stealth).
 14876 | Lair:5   | 14876 ||| Stepping ~*~*~tactically~*~*~ (stealth).
 14895 | Lair:5   | 14895 ||| Stepping ~*~*~tactically~*~*~ (stealth).
 15003 | Lair:5   | 15003 ||| INVOKING Heroism.
 15056 | Lair:5   | 15056 ||| INVOKING Heroism.
 15057 | Lair:5   | 15057 ||| INVOKING Finesse.
 15163 | Lair:5   | 15163 ||| INVOKING Heroism.
 15202 | Lair:5   | 15202 ||| INVOKING Heroism.
 15210 | Lair:5   | Gained mutation: Your large and strong wings let you fly.
                  | [Gargoyle growth]
 15210 | Lair:5   | Reached XP level 14. HP: 88/88 MP: 17/19
 15282 | Lair:5   | 15282 ||| INVOKING Heroism.
 15306 | Lair:5   | Received a gift from Okawaru
 15348 | Lair:5   | 15348 ||| Stepping ~*~*~tactically~*~*~ (stealth).
 15350 | Lair:5   | 15350 ||| INVOKING Heroism.
 15355 | Lair:5   | Reached skill level 15 in Shields
 15355 | Lair:5   | 15355 ||| Stepping ~*~*~tactically~*~*~ (hiding).
 15435 | Lair:5   | 15435 ||| Stepping ~*~*~tactically~*~*~ (stealth).
 15437 | Lair:5   | 15437 ||| Stepping ~*~*~tactically~*~*~ (stealth).
 15439 | Lair:5   | 15439 ||| Stepping ~*~*~tactically~*~*~ (stealth).
 15440 | Lair:5   | 15440 ||| Stepping ~*~*~tactically~*~*~ (stealth).
 15442 | Lair:5   | 15442 ||| INVOKING Heroism.
 15450 | Lair:5   | Reached skill level 9 in Armour
 15519 | Lair:5   | Found a corrupted altar of Lugonu.
 15519 | Lair:5   | Found a one-way gate to the infinite horrors of the Abyss.
 15739 | Lair:5   | 15739 ||| DROPPING +1 flail of protection.
 15812 | Lair:5   | 15812 ||| INVOKING Heroism.
 15874 | Lair:5   | 15874 ||| Stepping ~*~*~tactically~*~*~ (stealth).
 15877 | Lair:5   | 15877 ||| Stepping ~*~*~tactically~*~*~ (stealth).
 16075 | Lair:5   | 16075 ||| PLANNING D:1-11
 16075 | Lair:5   | 16075 ||| READING 2 scrolls labelled TOQIMN QULUW.
 16076 | Lair:5   | 16076 ||| READING scroll of enchant weapon.
 16076 | Lair:5   | 16076 ||| ENCHANTING +1 broad axe.
 16077 | Lair:5   | 16077 ||| READING 8 scrolls of identify.
 16077 | Lair:5   | 16077 ||| IDENTIFYING smoky golden potion
 16239 | D:11     | Found Qerheime's Distillery.
 16247 | D:11     | 16247 ||| BUYING 2 potions of attraction (66 gold).
 16247 | D:11     | Bought 2 potions of attraction for 66 gold pieces
 16247 | D:11     | 16247 ||| BUYING 2 potions of attraction (66 gold).
 16247 | D:11     | Bought 2 potions of attraction for 66 gold pieces
 16247 | D:11     | 16247 ||| BUYING 2 potions of haste (220 gold).
 16247 | D:11     | Bought 2 potions of haste for 220 gold pieces
 16247 | D:11     | 16247 ||| BUYING potion of heal wounds (55 gold).
 16247 | D:11     | Bought a potion of heal wounds for 55 gold pieces
 16247 | D:11     | 16247 ||| BUYING potion of might (44 gold).
 16247 | D:11     | Bought a potion of might for 44 gold pieces
 16261 | D:11     | 16261 ||| INVOKING Heroism.
 16262 | D:11     | 16262 ||| INVOKING Finesse.
 16416 | D:11     | Identified the +1 cloak of Vyd Doh {Harm rN+}
 16446 | D:11     | 16446 ||| INVOKING Heroism.
 16452 | D:11     | Received a gift from Okawaru
 16523 | D:11     | 16523 ||| Stepping ~*~*~tactically~*~*~ (hiding).
 16671 | D:11     | 16671 ||| Stepping ~*~*~tactically~*~*~ (hiding).
 16675 | D:11     | 16675 ||| Stepping ~*~*~tactically~*~*~ (hiding).
 16677 | D:11     | 16677 ||| INVOKING Heroism.
 16683 | D:11     | Reached skill level 3 in Dodging
 16699 | D:11     | 16699 ||| DROPPING +1 cloak of Vyd Doh {Harm rN+}.
 16700 | D:11     | 16700 ||| READING scroll labelled ZESUN IGEXUE.
 16701 | D:11     | 16701 ||| READING 8 scrolls of identify.
 16701 | D:11     | 16701 ||| IDENTIFYING fizzy orange potion
 16702 | D:11     | 16702 ||| DROPPING potion of berserk rage.
 16751 | D:11     | 16751 ||| READING 7 scrolls of teleportation.
 16753 | D:11     | 16753 ||| FLEEEEING.
 17126 | D:11     | 17126 ||| INVOKING Heroism.
 17127 | D:11     | 17127 ||| SWAPPING to +0 morningstar.
 17128 | D:11     | 17128 ||| INVOKING Finesse.
 17136 | D:11     | 17136 ||| SWAPPING to +2 broad axe.
 17223 | D:11     | 17223 ||| INVOKING Heroism.
 17386 | D:11     | 17386 ||| DROPPING +6 ring of intelligence.
 17387 | D:11     | 17387 ||| INVOKING Heroism.
 17388 | D:11     | 17388 ||| INVOKING Finesse.
 17425 | D:11     | 17425 ||| SWAPPING to +0 morningstar.
 17430 | D:11     | 17430 ||| INVOKING Heroism.
 17433 | D:11     | 17433 ||| SWAPPING to +2 broad axe.
 17471 | D:11     | Identified the +4 mace "Josmiol" {vorpal, Str+4}
 17472 | D:11     | 17472 ||| Stepping ~*~*~tactically~*~*~ (stealth).
 17485 | D:11     | 17485 ||| Stepping ~*~*~tactically~*~*~ (stealth).
 17531 | D:11     | 17531 ||| Stepping ~*~*~tactically~*~*~ (stealth).
 17533 | D:11     | 17533 ||| INVOKING Heroism.
 17534 | D:11     | 17534 ||| INVOKING Finesse.
 17626 | D:11     | 17626 ||| PLANNING D
 17626 | D:11     | 17626 ||| READING 7 scrolls of identify.
 17626 | D:11     | 17626 ||| IDENTIFYING viscous sapphire potion
 17627 | D:11     | 17627 ||| DROPPING potion of ambrosia.
 17769 | D:12     | 17769 ||| INVOKING Heroism.
 17774 | D:12     | Identified the +0 cloak of Okawaru's Benevolence {rN+
                  | Regen+} (Okawaru gifted it to you on level 12 of the
                  | Dungeon)
 17774 | D:12     | Received a gift from Okawaru
 17850 | D:12     | 17850 ||| INVOKING Heroism.
 17908 | D:12     | 17908 ||| INVOKING Heroism.
 17920 | D:12     | Reached skill level 16 in Shields
 17951 | D:12     | 17951 ||| Stepping ~*~*~tactically~*~*~ (stealth).
 17952 | D:12     | 17952 ||| Stepping ~*~*~tactically~*~*~ (stealth).
 17954 | D:12     | 17954 ||| Stepping ~*~*~tactically~*~*~ (stealth).
 17999 | D:12     | 17999 ||| Stepping ~*~*~tactically~*~*~ (stealth).
 18001 | D:12     | 18001 ||| INVOKING Heroism.
 18005 | D:12     | Reached XP level 15. HP: 94/94 MP: 17/20
 18082 | D:12     | Found a staircase to the Orcish Mines.
 18267 | D:12     | Noticed a frost giant
 18268 | D:12     | 18268 ||| INVOKING Heroism.
 18276 | D:12     | 18276 ||| Stepping ~*~*~tactically~*~*~ (stealth).
 18371 | D:12     | 18371 ||| INVOKING Heroism.
 18383 | D:12     | HP: 19/94 [fire dragon/blast of flame (28)]
 18384 | D:12     | 18384 ||| READING 7 scrolls of teleportation.
 18384 | D:12     | Killed from afar by a fire dragon

Levels and vault maps discovered:
D:1:      reono_arrival_mine, layout_loops_ring,
          hellmonk_ecumenical_altar_prayer_group
D:2:      cheibrodos_greedy_goblins, layout_basic, serial_shops,
          nicolae_square_shop, uniq_terence
D:3:      layout_loops_ring, nicolae_overflow_squiral, zin_statuary, st_stairs_5
D:4:      nicolae_cairo_tiling_very_big, layout_basic, lemuel_temple_firewalk_b,
          minmay_manual_monstrance
D:5:      kennysheep_kobold_camp, layout_cave_pools,
          nicolae_shop_overcharged_wands
D:6:      layout_cave_pools, bh_walls_and_bars, uniq_duvessa
D:7:      layout_gridville, minitemple
D:8:      layout_rooms, nicolae_ashenzari_skybound
D:9:      layout_basic, minmay_lizard_king
D:10:     layout_roguey, minmay_lair_entry_grove, serial_shops,
          nicolae_shop_hallway_plus, uniq_erolcha
D:11:     minmay_the_grid_triangle_9x9_rhombus_full
          [minmay_the_grid_triangle_9x9_limited_checkers,
          minmay_the_grid_triangle_9x9_corrupted_corridor,
          minmay_the_grid_triangle_9x9_zippers_vertical,
          minmay_the_grid_triangle_9x9_sprig,
          minmay_the_grid_triangle_9x9_checkered,
          minmay_the_grid_triangle_9x9_dagger,
          minmay_the_grid_triangle_9x9_warning,
          minmay_the_grid_triangle_9x9_prize_insulated], layout_loops_cross,
          serial_shops, nicolae_shop_temple_entry_statues_fountains
D:12:     layout_rooms, orc_0_dummy, minmay_evil_grid
Temple:   dshaligram_water_room_temple
Lair:1:   dreamdust_labyrinth, layout_hall_layers,
          nicolae_lair_grove_arrangements
Lair:2:   layout_cave_shapes, ebering_ghost_xom
Lair:3:   layout_regular_city, elwin_shoals_entry_rocks,
          nicolae_spider_entry_non_spiders
Lair:4:   layout_misc_corridors, dpeg_slime_entry_enclosed, basic_altar
Lair:5:   hellmonk_lair_end_abyssal_woods, layout_hall_layers,
          infiniplex_staircase_pool, lemuel_fruit_fields, lemuel_fruit_tree,
          grunt_megastairs_1

Skill      XL: |  1  2  3  4  5  6  7  8  9 10 11 12 13 14 |
---------------+-------------------------------------------+-----
Axes           | 2 3 4 5 6 7 8 9 10 11 12 14 | 14.5
Dodging        | 1 2 3 |  3.1
Fighting       | 4 5 6 7 8 10 11 | 11.0
Invocations    | 4 7 10 | 10.0
Armour         | 4 5 6 7 8 9 |  9.0
Shields        | 6 9 13 14 16 | 16.0
Throwing       | 1 |  1.1

Action                   |  1- 3 |  4- 6 |  7- 9 | 10-12 | 13-15 || total
-------------------------+-------+-------+-------+-------+-------++-------
Melee: War axe           |    72 |   147 |   179 |       |       ||   398
       Broad axe         |       |       |    88 |   617 |   753 ||  1458
       Flail             |       |       |       |       |     9 ||     9
       Morningstar       |       |       |       |       |    12 ||    12
Throw: Boomerang         |       |       |       |    51 |    42 ||    93
Invok: Heroism           |       |       |     7 |    25 |    31 ||    63
       Finesse           |       |       |       |     2 |     8 ||    10
  Use: Scroll            |     6 |     5 |     8 |     3 |     9 ||    31
       Potion            |     1 |     1 |     2 |       |       ||     4
Armor: Scale mail        |    23 |    35 |       |       |       ||    58
       Chain mail        |       |    30 |   120 |   132 |   116 ||   398
Dodge: Dodged            |    22 |    51 |    92 |   138 |   112 ||   415
Block: Buckler           |    13 |    39 |   123 |    96 |       ||   271
       Reflection        |       |       |    11 |     8 |     9 ||    28
       Tower shield      |       |       |       |   531 |   906 ||  1437

Table legend:
 A = Non-vault XP
 B = Vault XP
 C = Vault XP percentage of total XP
 D = Non-vault monster count
 E = Vault monster count
 F = Vault count percentage of total count
                 A         B        C        D         E       F
            +---------+---------+-------+---------+---------+-------
      Total |   58092 |   32629 |  36.0 |     360 |     147 |  29.0
            +---------+---------+-------+---------+---------+-------
        D:1 |      42 |       5 |  10.6 |      19 |       3 |  13.6
        D:2 |      36 |      47 |  56.6 |      13 |       7 |  35.0
        D:3 |      39 |       3 |   7.1 |      16 |       2 |  11.1
        D:4 |     507 |     127 |  20.0 |      19 |       5 |  20.8
        D:5 |     520 |      61 |  10.5 |      18 |      21 |  53.8
        D:6 |     277 |     199 |  41.8 |       5 |       2 |  28.6
        D:7 |    1101 |       0 |   0.0 |      21 |       0 |   0.0
        D:8 |    2727 |       0 |   0.0 |      28 |       0 |   0.0
        D:9 |     530 |     520 |  49.5 |       9 |       9 |  50.0
       D:10 |    3449 |    2714 |  44.0 |      26 |      14 |  35.0
       D:11 |    3579 |   11414 |  76.1 |      11 |      22 |  66.7
       D:12 |    5734 |    3527 |  38.1 |      21 |       5 |  19.2
     Lair:1 |    9031 |       0 |   0.0 |      39 |       0 |   0.0
     Lair:2 |    3310 |       0 |   0.0 |      15 |       0 |   0.0
     Lair:3 |    4894 |    1238 |  20.2 |      21 |       8 |  27.6
     Lair:4 |   11946 |       0 |   0.0 |      38 |       0 |   0.0
     Lair:5 |   10370 |   12774 |  55.2 |      41 |      49 |  54.4
            +---------+---------+-------+---------+---------+-------
